 Dungeon Crawl Stone Soup version 0.21.1-1-g345015f (webtiles) character file.

44618 lorenzova the Eclecticist (level 13, 0/63 HPs)
             Began as a Deep Elf Conjurer on July 26, 2018.
             Was a High Priest of Sif Muna.
             Shot with a bolt by a yaktaur (17 damage)
             ... on level 11 of the Dungeon on July 27, 2018.
             The game lasted 01:13:24 (23868 turns).

lorenzova the Eclecticist (Deep Elf Conjurer)      Turns: 23868, Time: 01:13:25

Health: 0/63       AC: 15    Str:  5    XL:     13   Next: 97%
Magic:  24/35      EV:  9    Int: 25    God:    Sif Muna [*****.]
Gold:   1510       SH:  0    Dex: 12    Spells: 5/45 levels left

rFire    + . .     SeeInvis +   I - +3 short sword (elec)
rCold    + + .     Gourm    .   (no shield)
rNeg     . . .     Faith    .   q - +1 ring mail {rC+}
rPois    +         Spirit   .   X - +1 helmet
rElec    .         Reflect  .   H - +2 cloak
rCorr    .         Harm     .   h - +2 pair of gloves
MR       +++..                  j - +0 pair of boots
Stlth    +.........             (no amulet)
HPRegen  0.20/turn              J - ring of protection from fire
MPRegen  0.24/turn              b - ring "Ampij" {rPois rC+ MR++ Dex-4 SInv}

@: no status effects
A: no striking features
a: Divine Energy, Channel Magic, Forget Spell, Renounce Religion


You were on level 11 of the Dungeon.
You worshipped Sif Muna.
Sif Muna was extremely pleased with you.
You were not hungry.

You visited 2 branches of the dungeon, and saw 17 of its levels.
You also visited: Ice Cave.

You collected 1543 gold pieces.
You spent 33 gold pieces at shops.

Inventory:

Hand Weapons
 I - a +3 short sword of electrocution (weapon)
 R - the +1 spear "Zuab" {drain, rElec rC+ Str-2 Int+2}
   (You found it in an ice cave)

   A truly terrible weapon, it drains the life of those it strikes.
   It affects your strength (-2).
   It affects your intelligence (+2).
   It protects you from cold.
   It insulates you from electricity.
Armour
 h - a +2 pair of gloves (worn)
 j - a +0 pair of boots (worn)
 q - a +1 ring mail of cold resistance (worn)
 H - a +2 cloak (worn)
 Q - a +0 robe of fire resistance
 X - a +1 helmet (worn)
Magical Staves
 W - an uncursed staff of cold
Jewellery
 b - the ring "Ampij" (right hand) {rPois rC+ MR++ Dex-4 SInv}
   (You found it on level 2 of the Lair of Beasts)

   [ring of see invisible]

   It affects your dexterity (-4).
   It protects you from cold.
   It protects you from poison.
   It affects your resistance to hostile enchantments.
   It lets you see invisible.
 i - an uncursed ring of protection from magic
 J - a ring of protection from fire (left hand)
 V - the ring of Seunir {rPois rC+}
   (You found it on level 1 of the Lair of Beasts)

   [ring of protection from cold]

   It protects you from cold.
   It protects you from poison.
Wands
 L - a wand of disintegration (24)
Scrolls
 d - 12 scrolls of remove curse
 e - 4 scrolls of identify
 f - 2 scrolls of magic mapping
 l - 4 scrolls of amnesia
 m - 3 scrolls of enchant weapon
 p - 3 scrolls of blinking
 t - 2 scrolls of enchant armour
 w - a scroll of vulnerability
 y - 2 scrolls of fear
 F - 6 scrolls of teleportation
 N - a scroll of brand weapon
Potions
 g - a potion of magic
 k - 2 potions of cancellation
 n - 4 potions of agility
 u - 4 potions of berserk rage
 x - 5 potions of heal wounds
 z - 2 potions of flight
 D - 2 potions of haste
 M - a potion of resistance
 O - 5 potions of curing
Books
 a - a book of Maledictions

   Spells                             Type                      Level
   a - Corona                         Hexes                        1
   b - Ensorcelled Hibernation        Hexes/Ice                    2
   c - Confuse                        Hexes                        3
   d - Tukima's Dance                 Hexes                        3
   e - Dazzling Spray                 Conjuration/Hexes            3
 o - Sigiogga's Reference Book on Ice and Intoxication
   (Sif Muna gifted it to you on level 11 of the Dungeon)

   Spells                             Type                      Level
   a - Throw Frost                    Conjuration/Ice              2
   b - Mephitic Cloud                 Conjuration/Poison/Air       3
   c - Ignite Poison                  Fire/Transmutation/Poison    3
   d - Bolt of Cold                   Conjuration/Ice              6
   e - Ozocubu's Refrigeration        Ice                          6
   f - Glaciate                       Conjuration/Ice              9
Comestibles
 c - 30 rations


   Skills:
 - Level 2.4 Dodging
 - Level 2.4 Stealth
 * Level 16.6 Spellcasting
 * Level 14.7 Conjurations
 - Level 8.8 Hexes
 * Level 10.2 Charms
 * Level 7.8 Fire Magic
 + Level 6.0 Air Magic
 + Level 8.5 Invocations


You had 5 spell levels left.
You knew the following spells:

 Your Spells              Type           Power        Failure   Level  Hunger
a - Magic Dart            Conj           ####         1%          1    None
b - Iskenderun's Battles  Conj/Chrm      ######..     1%          5    None
c - Iskenderun's Mystic   Conj           #######.     1%          4    None
d - Fulminant Prism       Conj/Hex       ######....   1%          4    None
f - Fireball              Conj/Fire      ######....   3%          5    None
g - Swiftness             Chrm/Air       ######..     1%          2    None
l - Lightning Bolt        Conj/Air       ######....   4%          5    None
o - Orb of Destruction    Conj           #######...   24%         7    #####..
s - Sticky Flame          Conj/Fire      ######..     1%          4    None
x - Conjure Flame         Conj/Fire      ######..     1%          3    None


Dungeon Overview and Level Annotations

Branches:
Dungeon (11/15)            Temple (0/1) D:7            Lair (6/6) D:10
  Swamp (0/4) Lair:3        Snake (0/4) Lair:4        Slime (0/5) Lair:5
    Orc: D:9-12

Altars:
Dithmenos
Elyvilon
Fedhas
Makhleb
Nemelex Xobeh
Okawaru
Sif Muna
Uskayaw

Shops:
D:9 !


Message History

Aim: a yaktaur The magic dart hits the yaktaur.
The yaktaur is lightly wounded.
Your battlesphere fires!
The barrage of energy hits the yaktaur.
The yaktaur is lightly wounded.
The yaktaur wields an arbalest.
The yaktaur shoots a bolt.
The bolt hits your battlesphere!!
Your battlesphere is destroyed!
Casting: Magic Dart
Confirm with . or Enter, or press ? or * to list all spells.
You can't see any susceptible monsters within range! (Use Z to cast anyway.)
A yaktaur is nearby!
The yaktaur shoots a bolt.
The bolt hits you!
You see here a bolt.
The yaktaur shoots a bolt.
The bolt hits you!
* * * LOW HITPOINT WARNING * * *
You see here a bolt.
The yaktaur shoots a bolt.
The bolt hits you!
You die...

.......#######..##.#.#.....#
##.. .......#
#†.##.......>.# #.#
.......## ##.....#.#.....#
#.. ###...#.##
##...##.#.#.....# #..
#...##.###)#.......#######
##. #...###............# #.
#..)# ###########.########
#. #...# #........>..#####.
#...# ####@##.#.###........
##.##
####...(##.#.##.....##..
........##........#.....
.≈.....(####.###..####.#
)≈≈≈≈≈............# #.#
≈≈≈≈≈≈....######.... ..#
c≈≈≈≈≈.##.# ##### ###
≈≈≈≈≈.. #.# ≈≈≈≈... #.#


You could see a yaktaur.

Vanquished Creatures
  2 entropy weavers (Lair:5)
  Josephine (D:10)
  A hydra (Lair:5)
  A catoblepas (Lair:6)
  A death knight (D:11)
  5 death yaks (Lair:6)
  3 two-headed ogres
  A queen ant (Lair:5)
  2 lindwurms (Lair:6)
  An oklob plant (Lair:1)
  2 ugly things (IceCv)
  3 manticores
  Maurice (D:8)
  5 black mambas
  2 ice statues (IceCv)
  3 torpor snails
  10 spiny frogs
  2 rime drakes (Lair:6)
  2 ice devils (Lair:5)
  9 komodo dragons
  A troll (D:11)
  3 polar bears
  4 blink frogs (Lair:6)
  6 hippogriffs
  4 dream sheep (Lair:5)
  A centaur simulacrum (D:11)
  5 wraiths (D:10)
  3 wyverns
  42 yaks
  2 basilisks
  A hungry ghost (D:9)
  4 nagas (Lair:4)
  7 soldier ants
  6 water moccasins
  9 ice beasts
  3 phantoms
  13 porcupines
  5 orc warriors
  2 sky beasts (D:7)
  7 ogres
  5 wolves
  A centaur (D:6)
  8 crocodiles
  Blork the orc (D:5)
  2 big kobolds (D:9)
  12 bullfrogs
  A wyvern zombie (D:9)
  5 scorpions
  5 killer bees (D:9)
  4 wights (D:9)
  4 howler monkeys
  3 electric eels
  2 crimson imps
  2 centaur zombies
  2 bullfrog zombies
  3 bullfrog skeletons
  5 hounds
  5 jellies
  5 orc priests
  13 orc wizards
  3 iguanas
  14 worker ants
  2 hound skeletons
  12 adders
  3 gnolls (D:6)
  A howler monkey skeleton (D:11)
  3 shadow imps
  A white imp (D:11)
  A worker ant simulacrum (D:11)
  An ufetubus (D:11)
  2 oozes (Lair:5)
  2 adder zombies (D:9)
  An adder skeleton (D:8)
  6 worms
  4 leopard geckos
  39 orcs
  11 bats
  8 giant cockroaches
  6 goblins
  9 hobgoblins
  15 jackals
  25 kobolds
  6 quokkas
  8 frilled lizards
  A jackal skeleton (D:4)
  A leopard gecko zombie (D:5)
  4 rats
  3 fungi
465 creatures vanquished.

Vanquished Creatures (others)
  84 fulminant prisms
  6 fungi (Lair:5)
  22 plants
112 creatures vanquished.

Grand Total: 577 creatures vanquished

Notes
Turn   | Place    | Note
-------+----------+-------------------------------------------
     0 | D:1      | lorenzova the Deep Elf Conjurer began the quest for the Orb.
     0 | D:1      | Reached XP level 1. HP: 10/10 MP: 6/6
   228 | D:1      | Reached XP level 2. HP: 15/15 MP: 3/8
   275 | D:1      | Learned a level 2 spell: Searing Ray
   736 | D:1      | Reached skill level 4 in Spellcasting
   794 | D:1      | Reached skill level 5 in Conjurations
   794 | D:1      | Reached XP level 3. HP: 19/19 MP: 7/10
  1233 | D:2      | Found a sparkling altar of Nemelex Xobeh.
  1326 | D:2      | Reached XP level 4. HP: 24/24 MP: 1/12
  1443 | D:2      | Learned a level 4 spell: Iskenderun's Mystic Blast
  1480 | D:2      | Reached skill level 5 in Spellcasting
  2238 | D:2      | HP: 1/24 [poisoned by a kobold]
  2564 | D:2      | Reached XP level 5. HP: 22/28 MP: 7/14
  3202 | D:3      | Reached skill level 6 in Spellcasting
  3298 | D:3      | Found a faded altar of an unknown god.
  3312 | D:3      | Found a white marble altar of Elyvilon.
  3698 | D:4      | Noticed an ogre
  3850 | D:4      | Found an iron altar of Okawaru.
  3880 | D:4      | Reached XP level 6. HP: 27/32 MP: 13/17
  3886 | D:4      | Learned a level 4 spell: Fulminant Prism
  4207 | D:4      | Reached skill level 1 in Hexes
  4259 | D:4      | Reached skill level 7 in Spellcasting
  4539 | D:4      | Reached XP level 7. HP: 36/36 MP: 1/19
  4777 | D:5      | Entered Level 5 of the Dungeon
  5147 | D:5      | Found a blossoming altar of Fedhas.
  5277 | D:5      | Reached skill level 8 in Spellcasting
  5463 | D:5      | Noticed Blork the orc
  5466 | D:5      | Killed Blork the orc
  5490 | D:5      | Found a deep blue altar of Sif Muna.
  5530 | D:5      | Reached XP level 8. HP: 41/41 MP: 7/22
  5745 | D:5      | Became a worshipper of Sif Muna the Loreminder
  5939 | D:6      | Reached skill level 9 in Spellcasting
  6357 | D:6      | Reached * piety under Sif Muna
  6677 | D:6      | Reached skill level 5 in Hexes
  7028 | D:7      | Reached skill level 10 in Spellcasting
  7275 | D:7      | Noticed a two-headed ogre
  7275 | D:7      | Reached XP level 9. HP: 44/45 MP: 20/25
  7282 | D:7      | Killed a two-headed ogre
  7282 | D:7      | Reached ** piety under Sif Muna
  7282 | D:7      | Reached skill level 10 in Conjurations
  7282 | D:7      | Reached skill level 1 in Invocations
  7305 | D:7      | Reached skill level 11 in Spellcasting
  7432 | D:7      | Found a staircase to the Ecumenical Temple.
  7452 | D:7      | Noticed a two-headed ogre
  7456 | D:7      | Killed a two-headed ogre
  8132 | D:8      | Noticed a two-headed ogre
  8320 | D:8      | Reached *** piety under Sif Muna
  8345 | D:8      | Reached XP level 10. HP: 50/50 MP: 9/27
  8488 | D:8      | Killed a two-headed ogre
  8488 | D:8      | Reached skill level 12 in Spellcasting
  8765 | D:8      | Noticed Maurice
  8774 | D:8      | Killed Maurice
  9905 | D:9      | Reached **** piety under Sif Muna
 10188 | D:9      | Reached skill level 13 in Spellcasting
 10974 | D:9      | Reached skill level 5 in Invocations
 10992 | D:9      | Learned a level 5 spell: Lightning Bolt
 10995 | D:9      | Learned a level 2 spell: Swiftness
 11121 | D:9      | Found a shadowy altar of Dithmenos.
 11583 | D:9      | Found a hide-covered altar of Uskayaw.
 11587 | D:9      | Found a burning altar of Makhleb.
 11589 | D:9      | Found an iron altar of Okawaru.
 11739 | D:9      | Found Dutticabbu's Distillery.
 11746 | D:9      | Bought a potion of curing for 33 gold pieces
 11824 | D:9      | Reached skill level 1 in Charms
 11830 | D:9      | Reached XP level 11. HP: 35/54 MP: 11/30
 11833 | D:9      | Reached skill level 1 in Air Magic
 12351 | D:10     | Entered Level 10 of the Dungeon
 12670 | D:10     | Reached ***** piety under Sif Muna
 12766 | D:10     | Identified Sif Muna's Collected Works on Destructive Transformation (Sif Muna gifted it to you on level 10 of the Dungeon)
 12766 | D:10     | Received a gift from Sif Muna
 12775 | D:10     | Learned a level 3 spell: Conjure Flame
 12917 | D:10     | Found a staircase to the Lair.
 13312 | D:10     | Noticed Josephine
 13318 | D:10     | Killed Josephine
 13318 | D:10     | Reached skill level 14 in Spellcasting
 14119 | Lair:1   | Entered Level 1 of the Lair of Beasts
 14931 | Lair:1   | Got a heavily runed amber ring
 14960 | Lair:1   | Noticed an oklob plant
 14970 | Lair:1   | Killed an oklob plant
 15509 | Lair:1   | Identified the ring of Seunir {rPois rC+} (You found it on level 1 of the Lair of Beasts)
 15543 | Lair:1   | Learned a level 4 spell: Sticky Flame
 15549 | Lair:1   | Learned a level 5 spell: Fireball
 15555 | Lair:1   | Learned a level 5 spell: Iskenderun's Battlesphere
 15737 | Lair:2   | Got a wavering amber ring
 15743 | Lair:2   | Identified the ring "Ampij" {rPois rC+ MR++ Dex-4 SInv} (You found it on level 2 of the Lair of Beasts)
 15780 | Lair:2   | Reached skill level 1 in Fire Magic
 16159 | Lair:2   | Reached XP level 12. HP: 59/59 MP: 20/32
 16917 | Lair:3   | Found a staircase to the Swamp.
 17880 | Lair:4   | Reached skill level 15 in Spellcasting
 18035 | Lair:4   | Reached skill level 5 in Charms
 18322 | Lair:4   | Found a staircase to the Snake Pit.
 18804 | Lair:5   | Found a staircase to the Slime Pits.
 18905 | Lair:5   | Noticed an entropy weaver
 18994 | Lair:5   | Noticed a queen ant
 19001 | Lair:5   | Killed a queen ant
 19001 | Lair:5   | Identified Sif Muna's Guide on Hexes (Sif Muna gifted it to you on level 5 of the Lair of Beasts)
 19001 | Lair:5   | Received a gift from Sif Muna
 19022 | Lair:5   | Noticed an entropy weaver
 19028 | Lair:5   | Killed an entropy weaver
 19327 | Lair:5   | Noticed a four-headed hydra
 19330 | Lair:5   | Killed a four-headed hydra
 19374 | Lair:5   | Reached skill level 5 in Fire Magic
 19384 | Lair:5   | Found a frozen archway.
 19393 | IceCv    | Entered an ice cave
 19401 | IceCv    | Found a transporter.
 19555 | IceCv    | Got a scorched spear
 19556 | IceCv    | Identified the +1 spear "Zuab" {drain, rElec rC+ Str-2 Int+2} (You found it in an ice cave)
 19897 | Lair:5   | Reached skill level 5 in Air Magic
 19971 | Lair:5   | Reached XP level 13. HP: 58/63 MP: 21/34
 20205 | Lair:5   | Killed an entropy weaver
 20815 | Lair:6   | Entered Level 6 of the Lair of Beasts
 20968 | Lair:6   | Identified Sif Muna's Reference Book on Blows and Bruises (Sif Muna gifted it to you on level 6 of the Lair of Beasts)
 20968 | Lair:6   | Received a gift from Sif Muna
 21158 | Lair:6   | Reached skill level 16 in Spellcasting
 22511 | Lair:6   | Reached skill level 10 in Charms
 23269 | Lair:1   | Learned a level 7 spell: Orb of Destruction
 23447 | D:11     | Received a gift from Sif Muna
 23448 | D:11     | Identified Sigiogga's Reference Book on Ice and Intoxication (Sif Muna gifted it to you on level 11 of the Dungeon)
 23868 | D:11     | Shot with a bolt by a yaktaur

Skill      XL: |  1  2  3  4  5  6  7  8  9 10 11 12 13 |
---------------+----------------------------------------+-----
Spellcasting   | 4 5 6 7 8 10 11 13 14 15 16 | 16.6
Conjurations   | 5 6 7 8 9 10 12 13 14 | 14.7
Hexes          | 2 3 5 7 8 |  8.8
Invocations    | 3 5 6 7 8 |  8.5
Charms         | 1 3 7 10 | 10.2
Air Magic      | 3 5 6 |  6.0
Fire Magic     | 2 5 7 |  7.8
Dodging        | |  2.4
Stealth        | |  2.4

Action                   |  1- 3 |  4- 6 |  7- 9 | 10-12 | 13-15 || total
-------------------------+-------+-------+-------+-------+-------++-------
Melee: Dagger            |       |     1 |     1 |       |       ||     2
       Falchion          |       |       |     3 |     2 |       ||     5
       Short sword       |       |       |       |    13 |     1 ||    14
 Cast: Magic Dart        |    74 |   130 |   176 |   263 |   121 ||   764
       Searing Ray       |     2 |     1 |     1 |     1 |       ||     5
       Iskenderun's Myst |       |    13 |    36 |   118 |    38 ||   205
       Fulminant Prism   |       |       |    14 |    56 |    14 ||    84
       Conjure Flame     |       |       |       |     9 |     5 ||    14
       Iskenderun's Batt |       |       |       |    28 |    33 ||    61
       Fireball          |       |       |       |     8 |     7 ||    15
       Sticky Flame      |       |       |       |     6 |    14 ||    20
       Lightning Bolt    |       |       |       |     1 |     1 ||     2
Invok: Divine Energy     |       |       |       |     1 |       ||     1
       Stop Divine Energ |       |       |       |     1 |       ||     1
       Channel Magic     |       |       |       |     5 |     3 ||     8
       Forget Spell      |       |       |       |     1 |       ||     1
  Use: Scroll            |       |     5 |     6 |    11 |     6 ||    28
       Potion            |       |     1 |       |     1 |       ||     2
 Stab: Sleeping          |       |     1 |     1 |       |       ||     2
  Eat: Chunk             |     1 |    11 |    12 |    11 |     9 ||    44
       Ration            |       |       |       |     8 |     1 ||     9
Armor: Robe              |     3 |     7 |     9 |    23 |       ||    42
       Ring mail         |       |       |       |    63 |     9 ||    72
Dodge: Dodged            |     2 |    15 |    20 |    66 |     9 ||   112
       Rpst.: Falchion   |       |       |     2 |     4 |       ||     6
